 Dungeon Crawl Stone Soup version 0.29-a0-234-g0dae59b3db (webtiles) character file.

Game seed: 17350787604737650704

62 esteth the Chiller (level 4, -7/29 HPs)
             Began as an Octopode Ice Elementalist on Mar 2, 2022.
             Mangled by Jessica
             ... wielding a +0 dagger
              (8 damage)
             ... on level 2 of the Dungeon.
             The game lasted 00:03:46 (2632 turns).

esteth the Chiller (Octopode Ice Elementalist)      Turns: 2632, Time: 00:03:46

Health: -7/29      AC:  1    Str:  7    XL:     4   Next: 8%
Magic:  2/7        EV: 13    Int: 19    God:
Gold:   41         SH:  0    Dex: 12    Spells: 3/7 levels left

rFire   + . .      SeeInvis +   (no weapon)
rCold   . . .      Faith    .   (no shield)
rNeg    . . .      Spirit   .   (helmet restricted)
rPois   .          Reflect  .   (no amulet)
rElec   .          Harm     .   v - ring of see invisible
rCorr   .          Rampage  .   F - ring of protection from fire
Will    .....                   (no ring)
Stlth   +++.......              (no ring)
HPRegen 0.09/turn               (no ring)
MPRegen 0.10/turn               (no ring)
                                (no ring)
                                (no ring)

@: very slightly contaminated
A: almost no armour, amphibious, 8 rings, camouflage 1, gelatinous body 1,
(nimble swimmer 1), tentacles
a: no special abilities


You were on level 2 of the Dungeon.
You visited 1 branch of the dungeon, and saw 2 of its levels.

You collected 41 gold pieces.


Innate Abilities, Weirdness & Mutations

You cannot wear most types of armour.
You are amphibious.
You can wear up to eight rings at the same time.
Your skin changes colour to match your surroundings (Stealth+).
Your rubbery body absorbs attacks. (AC +1, EV +1)
((You are camouflaged when in or above water. (Stealth+)))
You have tentacles for arms and can constrict up to eight enemies at once.


   Skills:
 + Level 2.0 Fighting
 - Level 2.0 Dodging
 - Level 3.9 Stealth
 + Level 2.4 Spellcasting
 - Level 4.2 Ice Magic


You had 3 spell levels left.
You knew the following spells:

 Your Spells              Type           Power      Damage    Failure   Level
f - Freeze                Ice            72%        1d9       2%          1
r - Frozen Ramparts       Ice            36%        1d5       9%          3

Your spell library contained the following spells:

 Spells                   Type           Power      Damage    Failure   Level
 Ozocubu's Armour         Ice            18%        N/A       9%          3
 Apportation              Tloc           4%         N/A       16%         1
 Shock                    Conj/Air       8%         1d3       16%         1
 Call Canine Familiar     Summ           2%         N/A       43%         3
 Portal Projectile        Hex/Tloc       4%         N/A       43%         3
 Swiftness                Air            2%         N/A       43%         3
 Hailstorm                Conj/Ice       10%        3d5       56%         4
 Airstrike                Air            1%         N/A       85%         4
 Leda's Liquefaction      Hex/Erth       1%         N/A       85%         4
 Alistair's Intoxication  Tmut/Pois      1%         N/A       99%         5

Inventory:

Missiles
 d - 95 stones
Jewellery
 v - a ring of see invisible (left tentacle)
   (You found it on level 2 of the Dungeon)
 F - a ring of protection from fire (right tentacle)
   (You found it on level 2 of the Dungeon)
Scrolls
 a - a scroll of acquirement {unknown}
 c - a scroll of brand weapon {unknown}
 f - a scroll of vulnerability {unknown}
 g - a scroll of identify {unknown}
Potions
 b - 2 potions of degeneration {unknown}
 e - 3 potions of curing {unknown}

Dungeon Overview and Level Annotations

Branches:
Dungeon (2/15)

Altars:

Annotations:
D:2 1 runed translucent door, Crazy Yiuf, Jessica

# #.# #........... #.# # #.#
#..#'#.###...#####.## ######.#
##.#.#.# #........ #...##.# #.#.#
# #........ #...##.# #.#.#
#........ #...##.# #.#.#
######'## #...##.# #.#.#
#########.# #...##.## #.#.#
#.........# ........######..@#.#
#.######### ........##...#..@#.#
#.########## ........##.#.#...#.#
#.#......... ........##.#.#...#.#
#.#.######## ........##.#.#...#.#
#.#'######## ........##.#.#.#.#.#
#..........#
........##.........###..........#
................................#
#......###.........###..........#


You could see Jessica.


Message History

No target in view!
Found a stone staircase leading up. 😎 HP[+1]
Your hp is fully restored (29).
f - a scroll labelled POLUNUYVIG You open the door.
There is an open door here.
g - a scroll labelled VOPNAO ANIP LAJ
There is an open door here.
Found a stone staircase leading down.
No target in view!
No target in view!
F - a ring of protection from fire
F - a ring of protection from fire (right tentacle)
An endoplasm and a hobgoblin come into view.
A kobold comes into view. It is wielding a +0 dagger.
Found a stone staircase leading down.
The endoplasm quivers.
The hobgoblin shouts!
Casting: Frozen Ramparts (quite dangerous; 9% risk of failure)
Confirm with . or Enter, or press ? or * to list all spells.
The spell is quite dangerous to miscast (9% risk of failure)!
Continue anyway?
Casting: Frozen Ramparts (quite dangerous; 9% risk of failure)
Press: ? - help, Dir - look around, f - activate The walls around you are covered in ice.
The wall freezes the endoplasm.
The wall freezes the hobgoblin. 😎 MP[-3]
You lost 3 mp, and now have 4/7 mp.
The wall freezes the endoplasm.
The endoplasm freezes you.
You are frozen.
The wall freezes the hobgoblin.
You kill the hobgoblin! 😕 HP[-5]
You take 5 damage, and now have 24/29 hp.
You barely miss the endoplasm.
The wall freezes the endoplasm.
You kill the endoplasm! 😕 HP[+1]
The wall freezes the kobold.
You tentacle-slap the kobold but do no damage.
Your grab misses the kobold. You squeeze the kobold.
You kill the kobold!
The frozen ramparts melt away.
Things that are here:
a +0 dagger; a kobold corpse; 😎 HP[+4] MP[+3]
Your hp is fully restored (29).
Your mp is fully restored (7).
Things that are here:
a +0 dagger; a kobold corpse You open the door.
Jessica the Apprentice Sorceress comes into view.
She is wielding a +0 dagger.
There is an open door here.
Casting: Frozen Ramparts (quite dangerous; 9% risk of failure)
Confirm with . or Enter, or press ? or * to list all spells.
The spell is quite dangerous to miscast (9% risk of failure)!
Continue anyway?
Okay, then.
Casting: Frozen Ramparts (quite dangerous; 9% risk of failure)
Confirm with . or Enter, or press ? or * to list all spells.
The spell is quite dangerous to miscast (9% risk of failure)!
Continue anyway?
Casting: Frozen Ramparts (quite dangerous; 9% risk of failure)
Press: ? - help, Dir - look around, f - activate You miscast Frozen Ramparts.
You are very lightly contaminated with residual magic.
You are encased in ice. 😕 HP[-4] MP[-3]
You take 4 damage, and now have 25/29 hp.
You lost 3 mp, and now have 4/7 mp.
Casting: Frozen Ramparts (quite dangerous; 9% risk of failure)
Confirm with . or Enter, or press ? or * to list all spells.
The spell is quite dangerous to miscast (9% risk of failure)!
Continue anyway?
Okay, then.
Casting: Frozen Ramparts (quite dangerous; 9% risk of failure)
Confirm with . or Enter, or press ? or * to list all spells.
The spell is quite dangerous to miscast (9% risk of failure)!
Continue anyway?
Casting: Frozen Ramparts (quite dangerous; 9% risk of failure)
Press: ? - help, Dir - look around, f - activate The walls around you are covered in ice.
Jessica shouts!
The wall freezes Jessica.
Jessica mumbles some strange words.
Jessica blinks! 😕 MP[-3]
You lost 3 mp, and now have 1/7 mp.
The wall freezes Jessica.
The wall freezes Jessica.
Jessica gestures at you while chanting. Pain shoots through your body!
* * * LOW HITPOINT WARNING * * *
😨 HP[-12]
You take 12 damage, and now have 13/29 hp.
MASSIVE DAMAGE!! (PAUSE)
The frozen ramparts melt away.
Jessica gestures wildly while chanting.
Jessica blinks!
Jessica gestures at you while chanting. Pain shoots through your body!
* * * LOW HITPOINT WARNING * * *
😱 HP[-12] MP[+1]
You take 12 damage, and now have 1/29 hp.
MASSIVE DAMAGE!! (PAUSE) Jessica hits you with a +0 dagger!
You die...

Skill      XL: |  1  2  3  4 |
---------------+-------------+-----
Stealth        | 3 |  3.9
Fighting       | 1 2 |  2.0
Dodging        | |  2.0
Spellcasting   | |  2.4
Ice Magic      | |  4.2

Action                   |  1- 3 |  4- 6 || total
-------------------------+-------+-------++-------
Melee: Unarmed           |    82 |     7 ||    89
       Tentacles         |    25 |     1 ||    26
       Constrict         |    22 |     1 ||    23
       Punch             |     2 |       ||     2
 Cast: Freeze            |     9 |       ||     9
       Frozen Ramparts   |     4 |     2 ||     6
 Stab: Sleeping          |     9 |     1 ||    10
Armor: Skin              |     9 |     2 ||    11
Dodge: Dodged            |    49 |     1 ||    50

Levels and vault maps discovered:
D:1:      amcnicky_arrival_underground_garden, layout_basic
D:2:      layout_basic, dilly_ecumenical_altar_fadedgnrine, grunt_ministairs_3,
          uniq_jessica, uniq_crazy_yiuf_cottage

Notes
Turn   | Place    | Note
-------+----------+-------------------------------------------
     0 | D:1      | esteth the Octopode Ice Elementalist began the quest for
                  | the Orb.
     0 | D:1      | Reached XP level 1. HP: 11/11 MP: 3/3
     0 | D:1      | magus.rc [v1.11.3]
    26 | D:1      | You pick up a book of Party Tricks and begin reading...
    26 | D:1      | You add the spells Apportation and Alistair's Intoxication
                  | to your library.
   173 | D:1      | You pick up a book of Air and begin reading...
   173 | D:1      | You add the spells Shock, Swiftness and Airstrike to your
                  | library.
   184 | D:1      | Reached skill level 3 in Stealth
   238 | D:1      | Reached skill level 1 in Fighting
   238 | D:1      | Reached XP level 2. HP: 14/18 MP: 3/5
   415 | D:1      | HP: 4/18 [hobgoblin (5)]
   709 | D:1      | You pick up a book of the Hunter and begin reading...
   709 | D:1      | You add the spells Call Canine Familiar, Portal Projectile
                  | and Leda's Liquefaction to your library.
  1103 | D:1      | Reached XP level 3. HP: 20/23 MP: 6/6
  1107 | D:1      | Learned a level 3 spell: Frozen Ramparts
  1452 | D:1      | HP: 6/24 [gnoll/+0 flail (8)]
  2305 | D:2      | Found a runed translucent door.
  2306 | D:2      | Noticed Crazy Yiuf
  2350 | D:2      | Reached XP level 4. HP: 27/29 MP: 7/7
  2388 | D:2      | Reached skill level 2 in Fighting
  2616 | D:2      | Noticed Jessica
  2631 | D:2      | HP: 1/29 [Jessica/nerve-wracking pain (13)]
  2632 | D:2      | Mangled by Jessica

Vanquished Creatures
  A gnoll (D:1)
  3 dart slugs (D:1)
  6 endoplasms
  4 giant cockroaches
  A goblin (D:1)
  6 hobgoblins
  3 jackals (D:2)
  2 kobolds (D:2)
  4 quokkas
  A ball python (D:1)
  A bat (D:1)
  5 frilled lizards
  4 rats
41 creatures vanquished.

Table legend:
 A = Non-vault XP
 B = Vault XP
 C = Vault XP percentage of total XP
 D = Non-vault monster count
 E = Vault monster count
 F = Vault count percentage of total count
                 A         B        C        D         E       F
            +---------+---------+-------+---------+---------+-------
      Total |      86 |       3 |   3.4 |      39 |       2 |   4.9
            +---------+---------+-------+---------+---------+-------
        D:1 |      66 |       0 |   0.0 |      28 |       0 |   0.0
        D:2 |      20 |       3 |  13.0 |      11 |       2 |  15.4
            +---------+---------+-------+---------+---------+-------

Illustrated notes

Table legend:
 A = Kills in this place as a percentage of kills in entire the game.
 B = Kills by you in this place as a percentage of kills by you in the entire game.
 C = Kills by friends in this place as a percentage of kills by friends in the entire game.
 D = Other kills in this place as a percentage of other kills in the entire game.
 E = Experience gained in this place as a percentage of experience gained in the entire game.
 F = Experience gained in this place divided by the number of levels of this place that you have seen.
                   A       B       C       D       E      F
               +-------+-------+-------+-------+-------+----------------------
         Total | 100.0 | 100.0 |   N/A |   N/A | 100.0 |  44.5
       Dungeon | 100.0 | 100.0 |   N/A |   N/A | 100.0 |  44.5
               +-------+-------+-------+-------+-------+----------------------

Table legend: (Time is in decaauts)
 A = Elapsed time spent in this place.
 B = Non-inter-level travel time spent in this place.
 C = Inter-level travel time spent in this place.
 D = Time resting spent in this place.
 E = Time spent auto-exploring this place.
 F = Levels seen in this place.
 G = Mean time per level.
                   A        B        C        D        E       F      G
               +--------+--------+--------+--------+--------+-----+--------+
         Total |   2630 |   2588 |     42 |    450 |   1782 |   2 | 1315.0 |
       Dungeon |   2630 |   2588 |     42 |    450 |   1782 |   2 | 1315.0 |
               +--------+--------+--------+--------+--------+-----+--------+

Top non-repeatable levels by time:
     D:1: 1977 daAuts
     D:2: 653 daAuts
